 Dungeon Crawl Stone Soup version 0.21.1-1-g345015f (webtiles) character file.

5374 Fang the Cleaver (level 10, -2/96 HPs)
             Began as a Gargoyle Berserker on June 1, 2018.
             Was an Elder of Trog.
             Slain by a yak (3 damage)
             ... on level 9 of the Dungeon.
             The game lasted 00:10:09 (8945 turns).

Fang the Cleaver (Gargoyle Berserker)               Turns: 8945, Time: 00:10:09

Health: -2/96      AC: 12    Str: 34    XL:     10   Next: 66%
Magic:  10/10      EV: 14    Int: 13    God:    Trog [****..]
Gold:   413        SH:  0    Dex:  9    Spells: 9/9 levels left

rFire    + . .     SeeInvis .   o - +0 broad axe (elec)
rCold    . . .     Gourm    .   (no shield)
rNeg     + . .     Faith    .   q - +3 robe of Folly {Archmagi, MR-- Int+5}
rPois    ∞         Spirit   .   (no helmet)
rElec    +         Reflect  .   (no cloak)
rCorr    .         Harm     .   (no gloves)
MR       .....                  (no boots)
Stlth    ..........             (no amulet)
HPRegen  0.26/turn              i - +5 ring of strength
MPRegen  0.12/turn              h - ring of protection from fire

@: berserking, very quick
A: negative energy resistance 1, electricity resistance, unbreathing,
petrification resistance, rot immunity, AC +7
a: Berserk, Trog's Hand, Brothers in Arms, Burn Spellbooks, Renounce Religion


You were on level 9 of the Dungeon.
You worshipped Trog.
Trog was greatly pleased with you.
You were very hungry.

You visited 1 branch of the dungeon, and saw 9 of its levels.

You collected 413 gold pieces.

Inventory:

Hand Weapons
 a - a +2 hand axe
 o - a +0 broad axe of electrocution (weapon)
Armour
 b - a +2 animal skin
 q - the +3 robe of Folly (worn) {Archmagi, MR-- Int+5}
   (You found it on level 6 of the Dungeon)

   It affects your intelligence (+5).
   It affects your resistance to hostile enchantments.
Jewellery
 g - an uncursed ring of fire
 h - a ring of protection from fire (right hand)
 i - a +5 ring of strength (left hand)
Wands
 m - a wand of random effects (38)
Scrolls
 d - a scroll of teleportation
 j - a scroll of blinking
 k - 2 scrolls of magic mapping
 p - 6 scrolls of identify
 t - a scroll of brand weapon {unknown}
Potions
 e - a potion of lignification
 f - 2 potions of berserk rage
 l - a potion of cancellation
 n - 3 potions of might
 r - 3 potions of curing
 s - 4 potions of heal wounds
 u - a potion of invisibility {unknown}
Comestibles
 c - 6 rations


   Skills:
 + Level 8.2 Fighting
 + Level 10.3 Axes
 + Level 2.4 Armour
 + Level 6.3 Dodging
 + Level 5.3 Stealth


You had 9 spell levels left.
You didn't know any spells.

Dungeon Overview and Level Annotations

Branches:
Dungeon (9/15)             Temple (0/1) D:5
   Lair: D:8-11         Orc: D:9-12

Altars:
Fedhas
Hepliaklqana
Kikubaaqudgha
Nemelex Xobeh
Trog
Xom
Zin
The Shining One

Shops:
D:5 [*[}   D:8 [


Innate Abilities, Weirdness & Mutations

You are resistant to torment.
Your stone body is resilient. (AC +7)
You are immune to poison.
You resist negative energy. (rN+)
You are resistant to electric shocks. (rElec)
You can survive without breathing.
You are immune to petrification.
You are immune to rotting.


Message History

You barely miss the porcupine. You hit the crocodile. The porcupine bites you.
* * * LOW HITPOINT WARNING * * *
The crocodile closely misses you. The scorpion closely misses you.
The yak closely misses you.
You completely miss the yak.
The yak is almost dead.
You slice the crocodile!!
Lightning courses through the crocodile!
You kill the crocodile!
Trog accepts your kill.
You slice the porcupine!!
You kill the porcupine!
Trog accepts your kill.
You slice the scorpion!! Lightning courses through the scorpion!
You kill the scorpion!
Trog accepts your kill.
You barely miss the yak.
The yak is almost dead.
You slash the yak! The yak gores you.
You die...

.....# #.... .....P
.....## ##..... .......
......###.....# .P.PP..
..............###.P.....
..............##....P...
....................P...
.................t....PP
................†Y.YY.P.
................@Y.P.P.P
.................†.....P
..............###.....P.
..............# .......
......###.....###.......
.....## ##............##
.....# #............#
.....## ##............#
......###.........


You could see 4 yaks and a crocodile.

Vanquished Creatures
  2 two-headed ogres
  The ghost of flatPretzel the Slinger, a novice HaHu of Okawaru (D:7)
  Pikel (D:4)
  A yak (D:9)
  A hungry ghost (D:7)
  2 water moccasins (D:5)
  A hornet zombie (D:8)
  3 porcupines (D:9)
  An ice beast (D:3)
  4 orc warriors
  5 phantoms
  A necrophage (D:8)
  A crocodile (D:9)
  2 bullfrogs
  A gnoll sergeant (D:8)
  A wyvern skeleton (D:7)
  2 scorpions
  A howler monkey (D:4)
  A centaur zombie (D:7)
  A bullfrog zombie (D:8)
  2 crimson imps
  2 centaur skeletons
  2 orc priests (D:5)
  2 jellies
  5 orc wizards
  A worker ant (D:7)
  10 gnolls
  A worker ant zombie (D:6)
  10 adders
  2 shadow imps (D:7)
  2 oozes
  3 adder skeletons
  A worm (D:2)
  A leopard gecko (D:4)
  21 orcs
  A ball python (D:7)
  9 giant cockroaches
  5 hobgoblins
  23 jackals
  6 quokkas
  11 bats
  6 frilled lizards
  7 goblins
  A jackal skeleton (D:6)
  5 kobolds
  A leopard gecko zombie (D:5)
  2 quokka skeletons
  7 rats
  A rat zombie (D:4)
  A butterfly (D:5)
184 creatures vanquished.

Notes
Turn   | Place    | Note
-------+----------+-------------------------------------------
     0 | D:1      | Fang the Gargoyle Berserker began the quest for the Orb.
     0 | D:1      | Reached XP level 1. HP: 14/14 MP: 1/1
   305 | D:1      | Reached XP level 2. HP: 19/19 MP: 2/2
   337 | D:1      | Reached skill level 3 in Axes
   540 | D:1      | You fall through a shaft!
   544 | D:2      | Reached XP level 3. HP: 19/24 MP: 3/3
   547 | D:2      | Reached ** piety under Trog
   760 | D:2      | Reached XP level 4. HP: 22/29 MP: 4/4
   825 | D:2      | Reached skill level 4 in Axes
  1193 | D:2      | Found a hazy altar of Hepliaklqana.
  1629 | D:3      | Noticed an ice beast
  1636 | D:3      | Reached XP level 5. HP: 33/33 MP: 5/5
  1644 | D:3      | Killed an ice beast
  1804 | D:3      | Reached XP level 6. HP: 38/38 MP: 6/6
  1824 | D:3      | Found a bloodstained altar of Trog.
  2216 | D:3      | Reached *** piety under Trog
  2644 | D:4      | Reached skill level 5 in Axes
  2838 | D:4      | Noticed a phantom
  2872 | D:4      | Killed a phantom
  2872 | D:4      | Reached skill level 1 in Stealth
  3267 | D:4      | Noticed a phantom
  3294 | D:4      | Killed a phantom
  3294 | D:4      | Reached XP level 7. HP: 33/44 MP: 7/7
  3473 | D:4      | Noticed Pikel
  3495 | D:4      | Killed Pikel
  3495 | D:4      | Reached skill level 5 in Fighting
  3495 | D:4      | Reached skill level 6 in Axes
  3495 | D:4      | Reached XP level 8. HP: 41/49 MP: 8/8
  3738 | D:4      | Found an ancient bone altar of Kikubaaqudgha.
  3867 | D:5      | Entered Level 5 of the Dungeon
  4385 | D:5      | Found Xounuoz's Armour Boutique.
  4392 | D:5      | Found Quqapp's Gadget Shop.
  4512 | D:5      | Found Xeitruc's General Store.
  4576 | D:5      | Found a staircase to the Ecumenical Temple.
  4640 | D:5      | Found Zapamo's Antique Armour Boutique.
  4705 | D:5      | Found a shimmering altar of Xom.
  4716 | D:5      | Reached skill level 7 in Axes
  5643 | D:6      | Reached XP level 9. HP: 43/55 MP: 9/9
  5706 | D:6      | Found a sparkling altar of Nemelex Xobeh.
  5932 | D:6      | Found the +3 robe of Folly {Archmagi, MR-- Int+5}
  6031 | D:6      | Found a glowing golden altar of the Shining One.
  6099 | D:7      | Noticed flatPretzel's ghost (novice HaHu)
  6110 | D:7      | Killed flatPretzel's ghost
  6110 | D:7      | Reached skill level 8 in Axes
  6238 | D:7      | Reached skill level 5 in Dodging
  6263 | D:7      | HP: 2/84 [orc warrior/trident (16)]
  6653 | D:7      | Reached **** piety under Trog
  7201 | D:7      | Found a sparkling altar of Nemelex Xobeh.
  7269 | D:8      | Reached skill level 9 in Axes
  7272 | D:8      | Noticed a two-headed ogre
  7274 | D:8      | Found a glowing silver altar of Zin.
  7788 | D:8      | Reached XP level 10. HP: 50/63 MP: 10/10
  7963 | D:8      | Killed a two-headed ogre
  7963 | D:8      | Reached skill level 5 in Stealth
  8324 | D:8      | Found Duiresir's Book Shop.
  8354 | D:8      | Found Sysof's Armour Emporium.
  8519 | D:8      | Found a blossoming altar of Fedhas.
  8596 | D:8      | Found a glowing golden altar of the Shining One.
  8766 | D:9      | Noticed a two-headed ogre
  8773 | D:9      | Killed a two-headed ogre
  8773 | D:9      | Reached skill level 10 in Axes
  8943 | D:9      | HP: 1/96 [porcupine (5)]
  8945 | D:9      | Slain by a yak

Skill      XL: |  1  2  3  4  5  6  7  8  9 10 |
---------------+-------------------------------+-----
Axes           | 3 4 5 6 7 9 10 | 10.3
Dodging        | 2 3 4 5 6 |  6.3
Fighting       | 4 5 6 7 8 |  8.2
Stealth        | 1 2 3 4 5 |  5.3
Armour         | |  2.4

Action                   |  1- 3 |  4- 6 |  7- 9 | 10-12 || total
-------------------------+-------+-------+-------+-------++-------
Melee: Hand axe          |    89 |   196 |   295 |       ||   580
       Broad axe         |       |       |    49 |    54 ||   103
Invok: Berserk           |     1 |     4 |     8 |     3 ||    16
       Burn Spellbooks   |       |       |     1 |       ||     1
  Use: Scroll            |       |       |    21 |     1 ||    22
 Stab: Sleeping          |       |     1 |     5 |       ||     6
  Eat: Chunk             |       |     8 |     6 |     2 ||    16
       Ration            |       |     1 |     5 |     1 ||     7
Armor: Animal skin       |    32 |    67 |    56 |       ||   155
       Robe              |       |       |    62 |    20 ||    82
Dodge: Dodged            |    90 |   131 |   193 |    45 ||   459
